 Dungeon Crawl Stone Soup version 0.17.0-57-g0e89251 (webtiles) character file.

5691 lucasterio the Cleaver (level 10, -7/79 HPs)
             Began as a Demonspawn Berserker on Dec 7, 2015.
             Was a High Priest of Trog.
             Mangled by Grum
             ... wielding a -1 spear
              (8 damage)
             ... on level 10 of the Dungeon.
             The game lasted 00:35:23 (10715 turns).

lucasterio the Cleaver (Demonspawn Berserker)      Turns: 10715, Time: 00:35:27

Health: -7/79      AC: 15    Str: 21    XL:     10   Next: 47%
Magic:  6/10       EV:  5    Int:  8    God:    Trog [*****.]
Gold:   502        SH:  0    Dex:  8    Spells: 0 memorised, 9 levels left

rFire  + . .     SeeInvis +     k - +8 battleaxe of Trog's Hope {chop, rF+ Dex-5 SInv}
rCold  + . .     Clarity  .     d - +4 scale mail "Mijalen" {rCorr}
rNeg   . . .     SustAt   .     (shield currently unavailable)
rPois  .         Gourm    +     b - +0 helmet "Arewav" {MR+ Regen+}
rElec  .         Spirit   .     (no cloak)
rCorr  +         Warding  .     i - +0 pair of gloves
rMut   .         Stasis   .     (no boots)
MR     +....                    h - amulet of the gourmand
Stlth  ++........               (no ring)
                                F - ring of protection from cold

@: exhausted, slowed, very slow, somewhat resistant to hostile enchantments,
unstealthy
A: talons 2, nightstalker 2, spiny 1
a: Berserk, Trog's Hand, Brothers in Arms, Burn Spellbooks, Renounce Religion


You were on level 10 of the Dungeon.
You worshipped Trog.
Trog was extremely pleased with you.
You were full.

You visited 1 branch of the dungeon, and saw 12 of its levels.

You collected 502 gold pieces.

Inventory:

Hand Weapons
 k - the +8 battleaxe of Trog's Hope (weapon) {chop, rF+ Dex-5 SInv}
   (Trog gifted it to you on level 12 of the Dungeon)

   It inflicts extra damage upon your enemies.
   It affects your dexterity (-5).
   It protects you from fire.
   It lets you see invisible.
 G - a +0 shortbow
 I - a +2 war axe of electrocution
Missiles
 H - 125 arrows
Armour
 b - the +0 helmet "Arewav" (worn) {MR+ Regen+}
   (You found it on level 8 of the Dungeon)

   It affects your resistance to hostile enchantments.
   It increases your rate of regeneration.
 d - the +4 scale mail "Mijalen" (worn) {rCorr}
   (You found it on level 4 of the Dungeon)

   It protects you from acid and corrosion.
 i - a +0 pair of gloves (worn)
 N - a +0 plate armour
Jewellery
 h - an amulet of the gourmand (around neck)
 F - a ring of protection from cold (left hand)
Wands
 a - a wand of random effects (33)
 B - a wand of confusion (9)
 E - a wand of frost (23)
 L - a wand of digging (9)
 O - a wand of digging (9)
Scrolls
 e - 3 scrolls of enchant weapon {unknown}
 f - a scroll of fear {unknown}
 j - 12 scrolls of identify
 n - 9 scrolls of remove curse
 o - 3 scrolls of enchant armour {unknown}
 p - 3 scrolls of blinking {unknown}
 r - 5 scrolls of teleportation {unknown}
 s - a scroll of amnesia {unknown}
 v - a scroll of recharging {unknown}
 x - a scroll of noise {unknown}
 P - 2 scrolls of magic mapping {unknown}
Potions
 l - 6 potions of curing
 q - a potion of poison {unknown}
 A - 3 potions of heal wounds {unknown}
 C - a potion of berserk rage {unknown}
 D - 2 potions of cancellation {unknown}
Comestibles
 c - 5 bread rations
 g - 5 meat rations
 t - 3 beef jerkies
 u - 3 fruits


   Skills:
 + Level 7.5 Fighting
 * Level 9.7 Axes
 + Level 9.3 Armour
 - Level 1.7 Dodging


You had 9 spell levels left.
You didn't know any spells.

Dungeon Overview and Level Annotations

Branches:
Dungeon (12/15)            Temple (0/1) D:5            Lair (0/8) D:8
    Orc (0/4) D:9

Altars:
Trog
Vehumet

Annotations:
D:5 Prince Ribbit
D:10 Grum, Harold


Innate Abilities, Weirdness & Mutations

You have razor-sharp toenails.
You are significantly more attuned to the shadows.
You are partially covered in sharp spines.


Message History

You kill the wolf!
Trog accepts your kill. Harold hits you but does no damage.
Things that are here:
a hand axe; an orc corpse Grum points his finger and barks, "Attack!"
The wolf is struck by your spines. The wolf bites you but does no damage.
Harold gestures at you while chanting. The bolt of fire hits you! You resist.
* * * LOW HITPOINT WARNING * * *
Grum closely misses you. The wolf bites you but does no damage.
The wolf bites you but does no damage.
There is an escape hatch in the floor here.
The wolf barely misses you. Grum hits you but does no damage.
The wolf bites you but does no damage.
Harold hits you with an antimagic hand axe.
* * * LOW HITPOINT WARNING * * *
You feel your power leaking away. Grum hits you from afar with a spear!
You die...

##########
...)..@..#
.....@h..#
.....)g..#
....)†(..#
....)....#
........(#
.........#
.........#
.........#


You could see Harold, Grum and a wolf.

Vanquished Creatures
  A hill giant (D:12)
  The ghost of bollicks1999 the Shield-Bearer, a novice MiFi of Okawaru (D:5)
  2 hippogriffs
  2 wolves (D:10)
  Eustachio (D:5)
  The ghost of plasmid the Poker, an amateur DsBe of Trog (D:4)
  4 wargs (D:9)
  A hungry ghost (D:9)
  2 orc warriors
  An ice beast (D:8)
  2 sky beasts
  3 ogres
  4 centaurs
  2 big kobolds (D:8)
  Blork the orc (D:6)
  6 giant frogs
  A water moccasin zombie (D:8)
  A scorpion (D:7)
  9 killer bees
  A giant frog zombie (D:5)
  A crimson imp (D:5)
  3 orc priests
  2 hounds
  Ijyb (D:4)
  2 iguanas (D:5)
  2 jellies
  7 orc wizards
  2 giant frog skeletons
  Terence (D:3)
  Natasha (thrice) (D:3)
  15 worker ants
  A hound skeleton (D:5)
  A worker ant zombie (D:6)
  11 gnolls
  7 adders
  4 shadow imps
  11 oozes
  3 adder skeletons
  An adder zombie (D:6)
  4 worms
  5 giant geckos
  26 orcs
  6 giant cockroaches
  18 goblins
  4 hobgoblins
  17 jackals
  13 kobolds
  A ball python (D:2)
  14 bats
  2 giant cockroach zombies (D:5)
  10 giant newts
  6 quokkas
  A quokka zombie (D:5)
  6 rats (D:1)
257 creatures vanquished.

Notes
Turn   | Place    | Note
--------------------------------------------------------------
     0 | D:1      | lucasterio the Demonspawn Berserker began the quest for the Orb.
     0 | D:1      | Reached XP level 1. HP: 18/18 MP: 1/1
     3 | D:1      | Found a runed door.
   228 | D:1      | Gained mutation: You are slightly more attuned to the shadows. [demonic ancestry]
   228 | D:1      | Reached XP level 2. HP: 6/24 MP: 2/2
  1248 | D:1      | Reached XP level 3. HP: 16/29 MP: 3/3
  1856 | D:2      | Reached ** piety under Trog
  2457 | D:2      | Gained mutation: You are partially covered in sharp spines. [demonic ancestry]
  2457 | D:2      | Reached XP level 4. HP: 16/35 MP: 4/4
  3118 | D:2      | Reached *** piety under Trog
  3172 | D:3      | Noticed Terence
  3186 | D:3      | Killed Terence
  3485 | D:3      | Gained mutation: You have sharp toenails. [demonic ancestry]
  3485 | D:3      | Reached XP level 5. HP: 42/42 MP: 5/5
  3691 | D:3      | Noticed Natasha
  3700 | D:3      | Killed Natasha
  3723 | D:3      | Noticed Natasha
  3728 | D:3      | Killed Natasha
  4002 | D:3      | Noticed Natasha
  4007 | D:3      | Killed Natasha
  4137 | D:1      | Reached skill level 4 in Fighting
  4252 | D:1      | Reached **** piety under Trog
  4311 | D:4      | Reached XP level 6. HP: 43/48 MP: 6/6
  4333 | D:4      | Noticed plasmid's ghost (amateur DsBe)
  4339 | D:4      | Killed plasmid's ghost
  4890 | D:4      | Got a pitted scale mail
  4901 | D:4      | Identified the +4 scale mail "Mijalen" {rCorr} (You found it on level 4 of the Dungeon)
  4909 | D:4      | Noticed Ijyb
  4937 | D:4      | Killed Ijyb
  5292 | D:4      | Found a bloodstained altar of Trog.
  5366 | D:5      | Entered Level 5 of the Dungeon
  5366 | D:5      | Noticed bollicks1999's ghost (novice MiFi)
  5398 | D:4      | Gained mutation: You are significantly more attuned to the shadows. [demonic ancestry]
  5398 | D:4      | Reached XP level 7. HP: 53/55 MP: 7/7
  5755 | D:5      | Reached skill level 5 in Armour
  5802 | D:5      | Noticed Eustachio
  5820 | D:5      | Killed Eustachio
  5820 | D:5      | Reached skill level 5 in Axes
  6283 | D:5      | Reached skill level 5 in Fighting
  6377 | D:5      | Reached XP level 8. HP: 45/62 MP: 8/8
  6785 | D:5      | Reached ***** piety under Trog
  6819 | D:5      | Reached skill level 6 in Axes
  6852 | D:5      | Noticed Prince Ribbit
  7242 | D:5      | Found a staircase to the Ecumenical Temple.
  7381 | D:5      | Killed bollicks1999's ghost
  7566 | D:6      | Reached skill level 7 in Axes
  7687 | D:6      | Noticed Blork the orc
  7694 | D:6      | Killed Blork the orc
  8035 | D:6      | Gained mutation: You have razor-sharp toenails. [demonic ancestry]
  8035 | D:6      | Reached XP level 9. HP: 67/69 MP: 9/9
  9157 | D:7      | Reached skill level 8 in Axes
  9597 | D:8      | Found a staircase to the Lair.
  9702 | D:8      | Got a brightly glowing helmet
  9709 | D:8      | Identified the +0 helmet "Arewav" {MR+ Regen+} (You found it on level 8 of the Dungeon)
  9916 | D:8      | Received a gift from Trog
 10036 | D:9      | Found a staircase to the Orcish Mines.
 10050 | D:9      | Reached XP level 10. HP: 65/79 MP: 10/10
 10052 | D:9      | Reached skill level 9 in Axes
 10277 | D:9      | Found a radiant altar of Vehumet.
 10493 | D:9      | You fall through a shaft for 3 floors!
 10524 | D:12     | Received a gift from Trog
 10525 | D:12     | Got a crude battleaxe {god gift}
 10529 | D:12     | Identified the +8 battleaxe of Trog's Hope {chop, rF+ Dex-5 SInv} (Trog gifted it to you on level 12 of the Dungeon)
 10569 | D:12     | Noticed a hill giant
 10574 | D:12     | Killed a hill giant
 10579 | D:12     | Noticed a cyclops
 10670 | D:10     | Entered Level 10 of the Dungeon
 10698 | D:10     | Noticed Harold
 10706 | D:10     | Noticed Grum
 10713 | D:10     | HP: 2/79 [Harold/bolt of fire (11)]
 10715 | D:10     | Mangled by Grum

Action                   |  1- 3 |  4- 6 |  7- 9 | 10-12 || total
-------------------------+-------+-------+-------+-------++-------
Melee: Hand axe          |   191 |   157 |   150 |       ||   498
       War axe           |       |       |   128 |    34 ||   162
       Battleaxe         |       |       |       |    15 ||    15
Invok: Berserk           |     1 |     4 |     4 |     1 ||    10
       Brothers in Arms  |       |     1 |       |       ||     1
       Burn Spellbooks   |       |       |     1 |     1 ||     2
  Use: Scroll            |       |       |       |     2 ||     2
 Stab: Sleeping          |     8 |     3 |     7 |     3 ||    21
       Distracted        |       |     2 |       |       ||     2
  Eat: Chunk             |     6 |    10 |    20 |    24 ||    60
       Royal jelly       |       |     1 |       |       ||     1
